cohdb
Replays
Latest Replays
All Replays
Popular Replays
Top Player Replays
Match Explorer
How It Works
Community
CoH3 Stats
Reddit
Sign in to upload your games and track your stats! →
Sign in with Steam
Match 46350133
Unlisted
Match 46350133
Overview
Messages
Build Orders
End
Vickers Machine Gun Team
Construct Section Command Post
ML 3-inch Mortar Team
ML 3-inch Mortar Team
Infantry Section
Construct Field Infirmary
Infantry Section
Grenade Package
Construct Platoon Command Post
Infantry Section
Infantry Section
Selects Air and Sea Battlegroup
Selects Commando Section Paradrop
Selects Commando Support Section Paradrop
Selects Naval Blockade
Construct Company Command Post
Selects UNKNOWN (223837)
Frozen Ocean
HeySushiii_TTV
Psyoppenheimer
уулиитаю на гаити
[HOOR]toes.R.us
Sweet Pussy Pauline
CreamSlave
Trash Panda Flex
0
0
Comments
sign in to comment!
No comments posted yet!